 Dungeon Crawl Stone Soup version 0.32-a0-921-g04a7ad8e02 (webtiles) character file.

Game seed: 14104031172242730989

118 mopl the Shooter (level 5, -6/33 HPs)
             Began as an Octopode Hexslinger on Apr 11, 2024.
             Mangled by a black bear (7 damage)
             ... on level 4 of the Dungeon.
             The game lasted 00:02:47 (1726 turns).

mopl the Shooter (Octopode Hexslinger)              Turns: 1726, Time: 00:02:47

Health: -6/33      AC:  1    Str:  8    XL:     5   Next: 2%
Magic:  6/6        EV: 17    Int: 15    God:
Gold:   149        SH:  5    Dex: 16    Spells: 6/6 levels left

rFire   . . .        a - +1 sling
rCold   . . .        (no shield)
rNeg    + . .        (helmet restricted)
rPois   .            h - amulet of reflection
rElec   .            e - +5 ring of evasion
rCorr   .            n - ring of positive energy
SInv    .            (no ring)
Will    .....        (no ring)
Stlth   ++           (no ring)
HPRegen 0.25/turn    (no ring)
MPRegen 0.10/turn    (no ring)
                     (no ring)

%: reflection
@: no status effects
A: almost no armour, amphibious, 8 rings, camouflage 1, gelatinous body 1,
(nimble swimmer 1), tentacles
a: no special abilities


You were on level 4 of the Dungeon.
You visited 1 branch of the dungeon, and saw 4 of its levels.

You collected 221 gold pieces.
You spent 72 gold pieces at shops.

Inventory:

Hand Weapons
 a - a +1 sling (weapon)
Missiles
 f - 5 boomerangs
 g - 11 poisoned darts
Jewellery
 e - a +5 ring of evasion (left tentacle)
 h - an amulet of reflection (around mantle)
 n - a ring of positive energy (right tentacle)
Talismans
 j - a beast talisman
Wands
 u - a wand of quicksilver (5)
Scrolls
 b - a scroll of poison
 d - 2 scrolls of amnesia {unknown}
 i - a scroll of revelation {unknown}
 k - 2 scrolls of blinking {unknown}
 l - a scroll of vulnerability {unknown}
 m - 4 scrolls of identify {unknown}
 p - a scroll of torment {unknown}
 q - a scroll of enchant weapon {unknown}
 r - a scroll of silence {unknown}
 v - a scroll of immolation {unknown}
Potions
 c - 4 potions of heal wounds {unknown}
 o - a potion of degeneration {unknown}
 s - a potion of enlightenment {unknown}
 t - 5 potions of curing


   Skills:
 - Level 1.0 Fighting
 * Level 4.4 Ranged Weapons
 - Level 2.0 Dodging
 + Level 1.2 Spellcasting
 + Level 3.6 Hexes
 - Level 1.0 Fire Magic


You had 6 spell levels left.
You didn't know any spells.
Your spell library contained the following spells:

 Spells                   Type           Power      Damage    Failure   Level
 Jinxbite                 Hex            22%        N/A       9%          2
 Sigil of Binding         Hex            11%        N/A       16%         3
 Inner Flame              Hex/Fire       7%         N/A       28%         3
 Cause Fear               Hex            5%         N/A       47%         4
 Dimensional Bullseye     Hex/Tloc       3%         N/A       75%         4


Dungeon Overview and Level Annotations

Branches:
Dungeon (4/15)
 Temple: D:4-7

Altars:
Dithmenos

Shops:
D:1 =   D:2 *


Innate Abilities, Weirdness & Mutations

You cannot wear most types of armour.
You are amphibious.
You can wear up to eight rings at the same time.
Your skin changes colour to match your surroundings (Stealth+).
Your rubbery body absorbs attacks. (AC +1, EV +1)
((You are camouflaged when in or above water. (Stealth+)))
You have tentacles for arms and can constrict up to eight enemies at once.


Message History

The black bear is severely wounded.
The black bear misses you. The black bear completely misses you.
The black bear misses you.
You shoot a sling bullet.
The sling bullet barely misses the black bear.
The black bear completely misses you. You block the black bear's attack.
The black bear closely misses you.
You shoot a sling bullet. The sling bullet hits the black bear!
The black bear is almost dead.
The black bear closely misses you. The black bear claws you. x2
You are too injured to fight recklessly!
You are too injured to fight recklessly!
You are too injured to fight recklessly!
Fire: a) +1 sling
Press: ? - help, Q - select action, (/) - cycle Shift-Dir - straight line, f/p - black bear
Aim: a black bear (almost dead, 68% to hit)
You shoot a sling bullet.
The sling bullet hits the black bear but does no damage.
The black bear is almost dead.
The black bear bites you.
* * * LOW HITPOINT WARNING * * *
You block the black bear's attack. The black bear claws you.
* * * LOW HITPOINT WARNING * * *
Fire: a) +1 sling
Press: ? - help, Q - select action, (/) - cycle Shift-Dir - straight line, f/p - black bear
Aim: a black bear (almost dead, 68% to hit)
You shoot a sling bullet.
The sling bullet completely misses the black bear.
The black bear goes berserk!
The black bear closely misses you. The black bear misses you.
The black bear claws you.
* * * LOW HITPOINT WARNING * * *
Fire: a) +1 sling
Press: ? - help, Q - select action, (/) - cycle Shift-Dir - straight line, f/p - black bear
Aim: a black bear (almost dead, berserk, 68% to hit)
You shoot a sling bullet.
The sling bullet barely misses the black bear.
The black bear completely misses you. The black bear claws you.
* * * LOW HITPOINT WARNING * * *
The black bear claws you!
You die...

#....# #.#
#.##.# #.#
#.#..# #.#
#...## #.#
#..## #.#
#.## ###.#
#..# #...#
##.#####>###
#.##.h@.#
#.#..####
#...## ##..#
##.# #..#
#..# ...#
.#.#


You could see a black bear (berserk).

Vanquished Creatures
  A bombardier beetle (D:4)
  2 adders (D:3)
  A dart slug (D:2)
  6 orcs (D:3)
  5 bats
  8 endoplasms
  3 goblins
  4 hobgoblins
  7 kobolds
  2 quokkas
  8 ball pythons
  3 frilled lizards
  5 rats
55 creatures vanquished.

Notes
Turn   | Place    | Note
-------+----------+-------------------------------------------
     0 | D:1      | mopl the Octopode Hexslinger began the quest for the Orb.
     0 | D:1      | Reached XP level 1. HP: 13/13 MP: 2/2
   139 | D:1      | Found Hylac's Jewellery Shoppe.
   158 | D:1      | Reached XP level 2. HP: 18/18 MP: 3/3
   303 | D:1      | Reached skill level 3 in Ranged Weapons
   465 | D:2      | Reached XP level 3. HP: 23/23 MP: 4/4
   513 | D:2      | Found Bilarrimn's General Store.
   970 | D:2      | Bought 2 potions of curing for 72 gold pieces
  1077 | D:3      | Found a shadowy altar of Dithmenos.
  1229 | D:3      | Reached XP level 4. HP: 28/28 MP: 5/5
  1236 | D:3      | Reached skill level 4 in Ranged Weapons
  1662 | D:4      | Reached XP level 5. HP: 33/33 MP: 6/6
  1712 | D:4      | Noticed a black bear
  1726 | D:4      | HP: 1/33 [black bear (2)]
  1726 | D:4      | Mangled by a black bear

Illustrated notes

Levels and vault maps discovered:
D:1:      roderic_octagonal_star, layout_rooms, serial_shops,
          nicolae_shop_advertising_works [nicolae_subvault_shop_adworks]
D:2:      layout_basic, serial_shops, shop
D:3:      layout_basic, amcnicky_altar_gilded, kennysheep_donut, st_stairs_4
D:4:      kennysheep_six_static_rooms, layout_rooms,
          minmay_temple_entry_enclosed_plants, minmay_box_of_dots

Skill      XL: |  1  2  3  4 |
---------------+-------------+-----
Ranged Weapons | 3 4 |  4.4
Fighting       | |  1.0
Dodging        | |  2.0
Spellcasting   | |  1.2
Hexes          | |  3.6
Fire Magic     | |  1.0

Action                     |  1- 3 |  4- 6 || total
---------------------------+-------+-------++-------
   Fire: Sling             |    73 |    53 ||   126
 Armour: Skin              |     7 |    15 ||    22
  Dodge: Dodged            |    23 |    30 ||    53
  Block: Other             |     3 |     6 ||     9

Table legend: (Time is in decaauts)
 A = Elapsed time spent in this place.
 B = Non-inter-level travel time spent in this place.
 C = Inter-level travel time spent in this place.
 D = Time resting spent in this place.
 E = Time spent auto-exploring this place.
 F = Levels seen in this place.
 G = Mean time per level.
                   A        B        C        D        E       F      G
               +--------+--------+--------+--------+--------+-----+--------+
         Total |   1752 |   1597 |    155 |     20 |   1307 |   4 |  438.0 |
       Dungeon |   1752 |   1597 |    155 |     20 |   1307 |   4 |  438.0 |
               +--------+--------+--------+--------+--------+-----+--------+

Top non-repeatable levels by time:
     D:3: 681 daAuts
     D:2: 568 daAuts
     D:1: 423 daAuts
     D:4: 78 daAuts
